 Dungeon Crawl Stone Soup version 0.31-a0-1447-g87ca8d402b (webtiles) character file.

Game seed: 10065023082492813688

179 pokeman the Magician (level 5, 0/29 HPs)
             Began as a Deep Elf Hedge Wizard on Dec 27, 2023.
             Slain by a gnoll
             ... wielding a +0 halberd
             ... led by a gnoll bouda
              (9 damage)
             ... on level 5 of the Dungeon.
             The game lasted 00:08:25 (3002 turns).

pokeman the Magician (Deep Elf Hedge Wizard)        Turns: 3002, Time: 00:08:26

Health: 0/29       AC:  4    Str:  7    XL:     5   Next: 33%
Magic:  3/15       EV: 12    Int: 21    God:
Gold:   72         SH:  0    Dex: 14    Spells: 8/16 levels left

rFire   + . .        l - +0 short sword (holy)
rCold   . . .        (no shield)
rNeg    . . .        a - +0 leather armour {rF+}
rPois   .            c - +0 hat
rElec   .            (no cloak)
rCorr   .            (no gloves)
SInv    .            n - +0 pair of boots
Will    .....        (no amulet)
Stlth   ++           (no ring)
HPRegen 0.24/turn    (no ring)
MPRegen 0.14/turn

%: no passive effects
@: no status effects
A: no striking features
a: no special abilities


You were on level 5 of the Dungeon.
You visited 1 branch of the dungeon, and saw 5 of its levels.

You collected 72 gold pieces.

Inventory:

Hand Weapons
 l - a +0 short sword of holy wrath (weapon)
Armour
 a - a +0 leather armour of fire resistance (worn)
 c - a +0 hat (worn)
 n - a +0 pair of boots (worn)
Scrolls
 e - a scroll of vulnerability {unknown}
 h - 2 scrolls of teleportation {unknown}
 j - 4 scrolls of identify {unknown}
 k - a scroll of enchant armour {unknown}
Potions
 b - a potion of curing {unknown}
 d - a potion of magic
 f - 3 potions of degeneration {unknown}
 g - 3 potions of heal wounds {unknown}
 i - a potion of lignification {unknown}
 m - a potion of mutation {unknown}


   Skills:
 - Level 1.0 Fighting
 - Level 1.1 Armour
 - Level 3.0 Dodging
 - Level 3.2 Stealth
 * Level 6.2 Spellcasting
 + Level 2.6 Conjurations
 - Level 1.1 Summonings
 - Level 1.1 Translocations
 + Level 0.1 Air Magic
 + Level 0.1 Alchemy


You had 8 spell levels left.
You knew the following spells:

 Your Spells              Type           Power      Damage    Failure   Level
a - Magic Dart            Conj           68%        1d6       4%          1
b - Mephitic Cloud        Conj/Alch/Air  10%        N/A       28%         3
c - Call Imp              Summ           22%        N/A       14%         2
d - Blink                 Tloc           22%        N/A       14%         2

Your spell library contained the following spells:

 Spells                   Type           Power      Damage    Failure   Level
 Sting                    Conj/Alch      48%        1d6       8%          1
 Apportation              Tloc           22%        N/A       9%          1
 Summon Small Mammal      Summ           44%        N/A       9%          1
 Necrotise                Necr           24%        1d5       14%         1
 Slow                     Hex            24%        N/A       14%         1
 Cigotuvi's Dreadful Rot  Necr/Alch/Air  12%        N/A       21%         2


Dungeon Overview and Level Annotations

Branches:
Dungeon (6/15)
 Temple: D:4-7

Altars:
Dithmenos

Shops:
D:1 *


Message History

The hound bites you.
The scorpion is engulfed in noxious fumes.
The scorpion appears confused.
The hound barely misses you.
Unknown command.
You completely miss the hound. The hound misses you.
The scorpion barely misses the hound.
An iguana comes into view.
You swap places.
The hound barely misses your cerulean imp.
Your cerulean imp barely misses the hound.
The hound bites your cerulean imp but does no damage.
The scorpion barely misses the hound.
The hound closely misses your cerulean imp.
Your cerulean imp hits the hound but does no damage.
The hound bites your cerulean imp.
Your cerulean imp hits the hound but does no damage.
The hound closely misses your cerulean imp.
The hound bites your cerulean imp.
Your cerulean imp barely misses the hound.
The hound misses your cerulean imp.
Your cerulean imp hits the hound but does no damage.
The hound bites your cerulean imp.
Your cerulean imp dies!
Your cerulean imp disappears in a puff of smoke!
Your magical contamination has completely faded away.
You open the door.
Found a stone staircase leading up.
There is an open door here.
You close the door.
There is a stone staircase leading up here.
You climb upwards.
The gnoll shouts! x4; The gnoll bouda shouts!
The gnoll shouts!
Found 5 stones.
There is a stone staircase leading down here.
The gnoll hits you from afar with a +0 spear.
The gnoll hits you with a +0 spear.
The gnoll hits you from afar with a +0 halberd!
The gnoll bouda barely misses you.
The gnoll hits you from afar with a +0 halberd!
You die...

### ####.# .
#....###
...#.....g#
.....gg>.#
......g@##
.....g.g...#
...........#
..#....#..##
. #.... ..#
...... ###
..##... ..
#...


You could see a gnoll bouda and 5 gnolls.

Vanquished Creatures
  An orc priest (D:3)
  6 gnolls
  2 adders
  A worm (D:2)
  2 dart slugs
  2 orcs (D:3)
  5 bats
  4 endoplasms
  4 giant cockroaches
  2 goblins
  8 hobgoblins
  2 jackals (D:1)
  7 kobolds
  2 quokkas
  8 ball pythons
  3 frilled lizards
  2 rats (D:1)
61 creatures vanquished.

Vanquished Creatures (collateral kills)
  A worm (D:2)
1 creature vanquished.

Grand Total: 62 creatures vanquished

Notes
Turn   | Place    | Note
-------+----------+-------------------------------------------
     0 | D:1      | pokeman the Deep Elf Hedge Wizard began the quest for the
                  | Orb.
     0 | D:1      | Reached XP level 1. HP: 10/10 MP: 7/7
   200 | D:1      | Reached XP level 2. HP: 16/16 MP: 7/9
   455 | D:1      | Reached skill level 5 in Spellcasting
   642 | D:1      | Reached XP level 3. HP: 20/20 MP: 6/11
   646 | D:1      | Learned a level 3 spell: Mephitic Cloud
   649 | D:1      | Learned a level 2 spell: Call Imp
   652 | D:1      | Learned a level 2 spell: Blink
   761 | D:1      | Found Piojak's Assorted Antiques.
  1193 | D:2      | Reached skill level 1 in Armour
  1379 | D:2      | Reached skill level 1 in Fighting
  1740 | D:2      | Reached XP level 4. HP: 25/25 MP: 5/13
  2023 | D:2      | Found a shadowy altar of Dithmenos.
  2693 | D:3      | Reached skill level 6 in Spellcasting
  2715 | D:3      | Reached XP level 5. HP: 9/29 MP: 4/15
  2966 | D:3      | You fall into a shaft and drop 3 floors!
  2980 | D:6      | Noticed an ice beast
  3001 | D:5      | Entered Level 5 of the Dungeon
  3002 | D:5      | Slain by a gnoll

Illustrated notes

Levels and vault maps discovered:
D:1:      spicycebolla_green_bress_n_ham_2, layout_rooms, serial_forest,
          infiniplex_forest_clump_tiny, infiniplex_forest_lined_2,
          infiniplex_forest_zigzag_2, infiniplex_forest_corner_1,
          infiniplex_forest_lined_4_way, infiniplex_forest_corner_1,
          infiniplex_forest_clump_cross, infiniplex_forest_straight_3,
          serial_shops, shop, nicolae_concentric_dashed_squares_wild,
          minmay_pentomino_t4
D:2:      minmay_general_purpose_star, layout_basic, basic_altar,
          minmay_crystal_water, item_on_display_a
D:3:      layout_basic, mainiacjoe_overflow_catwalk, minmay_misc_feat_hallway,
          minmay_fractal_squares_gapless_5
D:5:      layout_cave_pools, minmay_temple_entry_sparse_star,
          wad_floor_pattern_2, uniq_crazy_yiuf_cottage
D:6:      layout_basic, minmay_splitting_lines, uniq_prince_ribbit1

Skill      XL: |  1  2  3  4 |
---------------+-------------+-----
Spellcasting   | 5 6 |  6.2
Armour         | 1 |  1.1
Fighting       | 1 |  1.0
Conjurations   | 2 |  2.6
Stealth        | 3 |  3.2
Dodging        | 3 |  3.0
Summonings     | |  1.1
Translocations | |  1.1
Air Magic      | |  0.1
Alchemy        | |  0.1

Action                     |  1- 3 |  4- 6 || total
---------------------------+-------+-------++-------
  Melee: Dagger            |    46 |       ||    46
         Punch             |     1 |     1 ||     2
         Short sword       |       |    34 ||    34
   Cast: Magic Dart        |    90 |    49 ||   139
         Mephitic Cloud    |     1 |     6 ||     7
         Call Imp          |     1 |     1 ||     2
   Stab: Confused          |       |     8 ||     8
 Armour: Robe              |    16 |     3 ||    19
         Leather armour    |       |    21 ||    21
  Dodge: Dodged            |    37 |    12 ||    49

Table legend: (Time is in decaauts)
 A = Elapsed time spent in this place.
 B = Non-inter-level travel time spent in this place.
 C = Inter-level travel time spent in this place.
 D = Time resting spent in this place.
 E = Time spent auto-exploring this place.
 F = Levels seen in this place.
 G = Mean time per level.
                   A        B        C        D        E       F      G
               +--------+--------+--------+--------+--------+-----+--------+
         Total |   3003 |   2919 |     84 |    215 |   2242 |   5 |  600.6 |
       Dungeon |   3003 |   2919 |     84 |    215 |   2242 |   5 |  600.6 |
               +--------+--------+--------+--------+--------+-----+--------+

Top non-repeatable levels by time:
     D:2: 1452 daAuts
     D:1: 1006 daAuts
     D:3: 509 daAuts
     D:6: 34 daAuts
     D:5: 0 daAuts
